 Dungeon Crawl Stone Soup version 0.19-a0-1568-gdd01aac (webtiles) character file.

43 Amnesiac the Digger (level 3, 0/19 HPs)
             Began as a Deep Elf Earth Elementalist on Sept 15, 2016.
             Slain by an orc
             ... wielding a +0 mace
              (7 damage)
             ... on level 4 of the Dungeon.
             The game lasted 00:02:13 (653 turns).

Amnesiac the Digger (Deep Elf Earth Elementalist)    Turns: 653, Time: 00:02:13

Health: 0/19       AC:  2    Str:  5    XL:     3   Next: 37%
Magic:  8/9        EV: 13    Int: 19    God:
Gold:   30         SH:  0    Dex: 16    Spells: 2 memorised, 5 levels left

rFire  . . .     SeeInvis .     b - 32 stones
rCold  . . .     Gourm    .     c - +0 robe
rNeg   . . .     Faith    .     (no shield)
rPois  .         Spirit   .     (no helmet)
rElec  .         Dismiss  .     (no cloak)
rCorr  .         Reflect  .     (no gloves)
MR     .....     Harm     .     (no boots)
Stlth  ++........               (no amulet)
                                (no ring)
                                (no ring)

@: slowed, very slow
A: no striking features
a: no special abilities


You were on level 4 of the Dungeon.
You were not hungry.

You visited 1 branch of the dungeon, and saw 4 of its levels.

You collected 30 gold pieces.

Inventory:

Missiles
 b - 32 stones (in hand)
Armour
 c - a +0 robe (worn)
Scrolls
 a - 2 scrolls of identify {unknown}
 f - 2 scrolls of magic mapping {unknown}
 g - a scroll of blinking {unknown}
Books
 e - a book of Geomancy

   Spells                             Type                      Level
   a - Sandblast                      Earth                        1
   b - Passwall                       Transmutation/Earth          2
   c - Stone Arrow                    Conjuration/Earth            3
   d - Petrify                        Transmutation/Earth          4
   e - Lee's Rapid Deconstruction     Earth                        5
Comestibles
 d - 2 bread rations


   Skills:
 - Level 2.4 Dodging
 - Level 2.4 Stealth
 - Level 3.0 Spellcasting
 - Level 1.1 Transmutations
 + Level 4.9 Earth Magic


You had 5 spell levels left.
You knew the following spells:

 Your Spells              Type           Power        Failure   Level  Hunger
v - Passwall              Tmut/Erth      ##........   10%         2    ##.....
z - Sandblast             Erth           ###...       1%          1    None


Dungeon Overview and Level Annotations

Branches:
Dungeon (4/15)
 Temple: D:4-7

Altars:
Cheibriados


Message History

You feel yourself slow down.
You hear a shout! x2; The orc shouts! x2
Found a battleaxe.
There is a stone staircase leading down here.
Magic restored.
The orc hits you with a mace.
The orc wizard gestures at you while chanting.
The magic dart hits you!
The orc wizard gestures wildly while chanting.
The orc wizard blinks!
You climb downwards.
There is a stone staircase leading up here.
Casting: Sandblast
Confirm with . or Enter, or press ? or * to list all spells.
Aiming: Sandblast
Press: ? - help, Shift-Dir - straight line, f - orc
Aim: an orc, wielding a mace and wearing a leather armour The rocky blast hits the orc.
The orc is heavily wounded.
The orc hits you with a mace. The orc hits you with a mace!
You die...

### ####.. (.. .#
..##.# #.# .#
#.##.# #.# .# #
#.##.# #.# .#.#
#.##.####.#
####.#.#
........#.# #......
.....#..#.####.##o#
.....#.........†@.#
.#.#.#....####.####
.....#..#.# #.#
.#...#....# #.#
........### #.#
####....# #.#
.#....### #.#
....... #.# .#...


You could see an orc.

Vanquished Creatures
  A worker ant (D:4)
  A leopard gecko (D:3)
  An orc (D:4)
  A bat (D:3)
  2 giant cockroaches
  3 goblins
  2 hobgoblins
  3 frilled lizards
  A leopard gecko skeleton (D:4)
  3 rats
18 creatures vanquished.

Notes
Turn   | Place    | Note
-------+----------+-------------------------------------------
     0 | D:1      | Amnesiac the Deep Elf Earth Elementalist began the quest for the Orb.
     0 | D:1      | Reached XP level 1. HP: 10/10 MP: 6/6
   181 | D:2      | Found a snail-covered altar of Cheibriados.
   298 | D:2      | Reached skill level 4 in Earth Magic
   298 | D:2      | Reached XP level 2. HP: 15/15 MP: 1/8
   536 | D:4      | Reached XP level 3. HP: 15/19 MP: 5/9
   575 | D:4      | Learned a level 2 spell: Passwall
   653 | D:4      | Slain by an orc

Vault maps used:
D:1:      evilmike_arrival_hilbert_curve
D:2:      minmay_diamond_boxcup, marbit_many_paths, grunt_qazlal_clouds
D:3:      wad_woods_stonehenge, serial_co_window_serial, co_window_paths_b,
          co_window_paths_a, co_window_paths_a, co_window_corner_a,
          co_window_corner_a, co_window_corner_a, co_window_unsneaky_path_b,
          co_window_broadway_b, co_window_broadway_b, glass_columns_a,
          nicolae_gozag_cash_rules_everything_around_me
D:4:      hangedman_decor_lopped, minmay_a_box_with_orc_wizards_in_it

Skill      XL: |  1 |
---------------+----+-----
Earth Magic    | 4 |  4.9
Dodging        | |  2.4
Stealth        | |  2.4
Spellcasting   | |  3.0
Transmutations | |  1.1

Action                   || total
-------------------------++-------
 Cast: Sandblast         ||    33
Armor: Robe              ||     1
Dodge: Dodged            ||    12
